 Dungeon Crawl Stone Soup version 0.29.1-14-g9c671dbff4 (webtiles) character file.

Game seed: 2011472339576857613

314 cowcol the Chopper (level 6, -4/56 HPs)
             Began as a Minotaur Fighter on Feb 21, 2023.
             Slain by Pikel
             ... wielding a +2 whip of flaming
              (10 damage)
             ... on level 4 of the Dungeon.
             The game lasted 00:10:10 (4159 turns).

cowcol the Chopper (Minotaur Fighter)               Turns: 4159, Time: 00:10:12

Health: -4/56      AC:  8    Str: 21    XL:     6   Next: 19%
Magic:  5/5        EV:  9    Int:  5    God:
Gold:   220        SH:  4    Dex: 11    Spells: 5/5 levels left

rFire   . . .      SeeInvis .   a - +0 war axe
rCold   . . .      Faith    .   c - +0 buckler
rNeg    . . .      Spirit   .   b - +0 scale mail
rPois   .          Reflect  .   (helmet restricted)
rElec   .          Harm     .   m - +0 cloak
rCorr   .          Rampage  .   (no gloves)
Will    .....                   (no boots)
Stlth   ..........              (no amulet)
HPRegen 0.18/turn               (no ring)
MPRegen 0.09/turn               (no ring)

@: no status effects
A: horns 2, retaliatory headbutt
a: no special abilities


You were on level 4 of the Dungeon.
You visited 1 branch of the dungeon, and saw 4 of its levels.

You collected 220 gold pieces.

Inventory:

Hand Weapons
 a - a +0 war axe (weapon)
 k - a +0 falchion
 v - a +0 bardiche
Missiles
 r - 3 poisoned darts (quivered)
Armour
 b - a +0 scale mail (worn)
 c - a +0 buckler (worn)
 g - a +0 ring mail
 h - a +2 leather armour of cold resistance
 m - a +0 cloak (worn)
Scrolls
 e - 2 scrolls of amnesia
 f - a scroll of teleportation
 j - a scroll of fog
 o - 2 scrolls of silence
 p - a scroll of torment
 u - a scroll of identify
Potions
 d - a potion of might
 i - 2 potions of ambrosia
 n - 2 potions of curing
 q - a potion of magic
 s - a potion of degeneration {unknown}
 t - a potion of cancellation {unknown}


   Skills:
 + Level 5.0 Fighting
 + Level 5.9 Axes
 + Level 5.1 Armour
 - Level 0.2 Dodging
 - Level 0.1 Stealth
 - Level 3.7 Shields


You had 5 spell levels left.
You didn't know any spells.
Your spell library contained the following spells:

 Spells                   Type           Power      Damage    Failure   Level
 Static Discharge         Conj/Air       0%         3-3/arc   95%         2
 Lightning Bolt           Conj/Air       0%         1d11      100%        5
 Maxwell's Capacitive Co  Air            0%         ∞         100%        8


Dungeon Overview and Level Annotations

Branches:
Dungeon (4/15)
 Temple: D:4-7

Altars:
Makhleb

Shops:
D:3 [

Annotations:
D:4 Pikel


Innate Abilities, Weirdness & Mutations

You have a pair of horns on your head.
You reflexively headbutt those who attack you in melee.


Message History

Pikel burns you.
There is a stone staircase leading up here.
You hit Pikel but do no damage. Your headbutt misses Pikel.
You closely miss the lemure. You slash the goblin!
You kill the goblin!
The lemure barely misses you.
Pikel hits you with a +2 whip of flaming!
Pikel burns you.
You completely miss Pikel. Your headbutt misses Pikel. You hit the lemure.
You slash the lemure! The lemure closely misses you. You furiously retaliate!
You headbutt the lemure! Pikel barely misses you. The lemure hits you.
You slash Pikel!
Pikel is moderately wounded.
You barely miss the lemure. You hit the lemure but do no damage.
The lemure hits you but does no damage. The lemure barely misses you.
Pikel hits you with a +2 whip of flaming!
Pikel burns you.
Pikel hits you with a +2 whip of flaming.
Pikel burns you. The lemure hits you!
* * * LOW HITPOINT WARNING * * *
The lemure hits you but does no damage.
You closely miss Pikel. You headbutt Pikel.
Pikel is moderately wounded.
You closely miss the lemure. You hit the lemure. You closely miss the lemure.
The lemure hits you but does no damage. The lemure barely misses you.
Pikel hits you with a +2 whip of flaming.
* * * LOW HITPOINT WARNING * * *
Pikel burns you.
* * * LOW HITPOINT WARNING * * *
The lemure closely misses you.
Really read the scroll of poison?
Okay, then.
Really read the scroll of poison?
The air fills with toxic fumes!
As you read the scroll of poison, it crumbles to dust.
The lemure hits you.
* * * LOW HITPOINT WARNING * * *
The lemure closely misses you.
Pikel hits you with a +2 whip of flaming!
You die...

# #..# #.............##.....###
#########§§§§##..§§##.§§...#...#.
._#2# #..§§§§#§..§###§§§#........
#####...##§§§§§##§§§§§§§.........
# .... ##§§§§§§§§#§§§§.......(. #
##. #§§§§§§§§§§§§§§[........ .g(#
# #§§§§§§§§§§§§§§......... 5.....
##§§§§K55§§§§§§......... ##....
#§§§§§@§§§§§§§......... ..#
§§§§§§5§§§§§§§§......... ..
##§§§§§§§§§§§§§§......... .
##§§#§§§§§§§§§§##.##....
##.#§§§§§§§§###........ .
§§§§§§§§§§§#........
...§§§§§§##§§§§#........ .
###.§§§§§§§§.§§§§........(
#.#.........#...............


You could see Pikel and 3 lemures.

Vanquished Creatures
  A lemure (D:4)
  A hound (D:3)
  Natasha (thrice) (D:4)
  2 orc wizards
  7 adders
  3 dart slugs
  7 orcs
  3 ball pythons (D:1)
  3 bats
  13 endoplasms
  2 giant cockroaches (D:2)
  8 hobgoblins
  7 jackals
  4 quokkas
  6 frilled lizards
  7 goblins
  4 kobolds
  7 rats
88 creatures vanquished.

Notes
Turn   | Place    | Note
-------+----------+-------------------------------------------
     0 | D:1      | cowcol the Minotaur Fighter began the quest for the Orb.
     0 | D:1      | Reached XP level 1. HP: 19/19 MP: 0/0
   288 | D:1      | Reached XP level 2. HP: 27/27 MP: 1/1
   527 | D:1      | Reached XP level 3. HP: 32/33 MP: 2/2
  1442 | D:2      | Reached XP level 4. HP: 40/40 MP: 3/3
  2395 | D:3      | Found Naelarir's Armour Shop.
  2643 | D:3      | Reached XP level 5. HP: 28/47 MP: 4/4
  2645 | D:3      | Reached skill level 5 in Axes
  3157 | D:4      | Noticed Natasha
  3166 | D:4      | Killed Natasha
  3267 | D:4      | Noticed Natasha
  3290 | D:4      | Killed Natasha
  3291 | D:4      | Reached skill level 5 in Armour
  3292 | D:4      | Noticed Natasha
  3301 | D:4      | Killed Natasha
  3302 | D:4      | Reached XP level 6. HP: 21/55 MP: 5/5
  3650 | D:4      | Reached skill level 5 in Fighting
  3846 | D:4      | Found a burning altar of Makhleb.
  3846 | D:4      | Noticed a green death
  3850 | D:4      | Noticed Pikel
  4159 | D:4      | Slain by Pikel

Illustrated notes

Levels and vault maps discovered:
D:1:      lemuel_arrival_river_bridge, layout_loops_ring, minmay_box_of_dots
D:2:      layout_basic
D:3:      layout_loops_ring, serial_shops, shop, palyth_stone_intersect
D:4:      layout_cave_pools, makhleb_altar_promises_db,
          gammafunk_temple_overflow_statue, uniq_pikel, uniq_natasha

Skill      XL: |  1  2  3  4  5  6 |
---------------+-------------------+-----
Fighting       | 4 5 |  5.0
Axes           | 3 4 5 |  5.9
Armour         | 4 5 |  5.1
Dodging        | |  0.2
Stealth        | |  0.1
Shields        | |  3.7

Action                   |  1- 3 |  4- 6 || total
-------------------------+-------+-------++-------
Melee: War axe           |    95 |   120 ||   215
       Headbutt          |    16 |    16 ||    32
  Use: Scroll            |     4 |     6 ||    10
       Potion            |       |     2 ||     2
Armor: Scale mail        |     7 |    37 ||    44
       Ring mail         |    27 |    25 ||    52
Dodge: Dodged            |    53 |    67 ||   120
Block: Buckler           |    25 |    28 ||    53
